 Dungeon Crawl Stone Soup version 0.28-a0-1167-g616b1c6417 (webtiles) character file.

Game seed: 3419326262885599844

5883 Htamos the Geomancer (level 11, -5/66 HPs)
             Began as a Kobold Earth Elementalist on Dec 16, 2021.
             Was a Follower of Dithmenos.
             Shot with an arrow by a centaur warrior (19 damage)
             ... on level 8 of the Dungeon.
             The game lasted 00:28:29 (11844 turns).

Htamos the Geomancer (Kobold Earth Elementalist)   Turns: 11844, Time: 00:28:30

Health: -5/66      AC:  6    Str: 11    XL:     11   Next: 8%
Magic:  9/21       EV: 16    Int: 16    God:    Dithmenos [*.....]
Gold:   424        SH:  0    Dex: 15    Spells: 9/23 levels left

rFire   . . .      SeeInvis .   a - staff of earth
rCold   + . .      Faith    .   (shield currently unavailable)
rNeg    . . .      Spirit   .   B - +0 ring mail
rPois   .          Reflect  .   (no helmet)
rElec   .          Harm     .   (no cloak)
rCorr   .          Rampage  .   (no gloves)
Will    .....      Archmagi +   d - +0 pair of boots
Stlth   +++++..... Rage     1%  (no amulet)
HPRegen 0.21/turn               A - ring of the Mage {Wiz Archmagi}
MPRegen 0.17/turn               n - ring of protection from cold

@: about to teleport, wreathed by umbra
A: small, no large weapons, nightstalker 3, berserk 1
a: Renounce Religion


You were on level 8 of the Dungeon.
You worshipped Dithmenos.
Dithmenos was aware of your devotion.
You visited 2 branches of the dungeon, and saw 9 of its levels.

You collected 424 gold pieces.

Inventory:

Hand Weapons
 o - a +1 short sword of speed
 q - a +2 dagger of flaming
 s - a +7 vampiric whip
 F - the +8 long sword of Indignation {protect, rC+ Will+ Str+2 SInv}
   (You found it on level 6 of the Dungeon)

   It grants its wielder temporary protection when it strikes (+7 to AC).
   Str:       It affects your strength (+2).
   rC:        It protects you from cold.
   SInv:      It lets you see invisible.
   Will:      It increases your willpower.
 O - a +0 broad axe of venom
Missiles
 c - 20 stones
 k - 42 poisoned darts
Armour
 b - a +0 robe
 d - a +0 pair of boots (worn)
 u - a +0 chain mail
 B - a +0 ring mail (worn)
 D - a +0 plate armour
Magical Staves
 a - a staff of earth (weapon)
Jewellery
 i - an amulet of magic regeneration
 n - a ring of protection from cold (right hand)
 v - a ring of fire
 A - the ring of the Mage (left hand) {Wiz Archmagi}
   (You found it on level 4 of the Dungeon)

   [ring of wizardry]

   It improves your spell success rate.
   Archmagi:  It increases the power of your magical spells.
 I - an amulet of reflection
 N - a ring of poison resistance
Wands
 t - a wand of polymorph (6)
 y - a wand of flame (16)
Scrolls
 e - a scroll of silence
 f - a scroll of fog
 j - 7 scrolls of identify {@rr}
 r - 2 scrolls of teleportation
 x - a scroll of vulnerability {unknown}
 C - a scroll of enchant armour
 G - a scroll of noise {unknown}
 H - a scroll of acquirement {unknown}
 J - a scroll of fear {unknown}
 K - a scroll of summoning {unknown}
 M - a scroll of amnesia {unknown}
Potions
 g - 3 potions of cancellation {unknown}
 h - 8 potions of curing {unknown}
 l - a potion of invisibility {unknown}
 m - 2 potions of flight {unknown}
 p - 2 potions of degeneration {unknown}
 w - 2 potions of mutation
 z - a potion of attraction {unknown}
 E - a potion of ambrosia {unknown}
 L - a potion of might {unknown}


   Skills:
 + Level 6.5 Fighting
 - Level 0.4 Staves
 + Level 7.8 Dodging
 + Level 7.2 Stealth
 + Level 6.8 Spellcasting
 - Level 4.0 Conjurations
 - Level 4.0 Transmutations
 * Level 9.3 Earth Magic


You had 9 spell levels left.
You knew the following spells:

 Your Spells              Type           Power      Damage    Failure   Level
a - Sandblast             Erth           100%       2d20      1%          1
b - Stone Arrow           Conj/Erth      100%       3d13      2%          3
c - Lehudib's Crystal Sp  Conj/Erth      28%        10d8      100%        8
d - Passwall              Tmut/Erth      47%        N/A       1%          2

Your spell library contained the following spells:

 Spells                   Type           Power      Damage    Failure   Level
 Petrify                  Tmut/Erth      57%        N/A       8%          4
 Freeze                   Ice            32%        1d5       12%         1
 Animate Armour           Summ/Erth      92%        N/A       17%         4
 Frozen Ramparts          Ice            16%        1d3       34%         3
 Gell's Gravitas          Tloc           8%         N/A       34%         3
 Lesser Beckoning         Tloc           8%         N/A       34%         3
 Ozocubu's Armour         Ice            8%         N/A       34%         3
 Teleport Other           Tloc           8%         N/A       34%         3
 Hailstorm                Conj/Ice       17%        3d6       45%         4
 Iskenderun's Battlesphe  Conj           27%        2d8       52%         5
 Fireball                 Conj/Fire      8%         3d6       80%         5
 Metabolic Englaciation   Hex/Ice        4%         N/A       96%         5
 Conjure Ball Lightning   Conj/Air       8%         3x3d6     100%        6
 Dispersal                Tloc           4%         N/A       100%        6
 Simulacrum               Ice/Necr       4%         N/A       100%        6
 Orb of Destruction       Conj           13%        9d6       100%        7


Dungeon Overview and Level Annotations

Branches:
Dungeon (8/15)             Temple (1/1) D:6            Lair (0/6) D:8

Altars:
Ashenzari
Cheibriados
Dithmenos
Elyvilon
Fedhas
Gozag
Hepliaklqana
Kikubaaqudgha
Makhleb
Nemelex Xobeh
Okawaru
Qazlal
Ru
Sif Muna
Trog
Uskayaw
Vehumet
Wu Jian
Xom
Yredelemnul
Zin
The Shining One

Shops:
D:2 =

Annotations:
D:2 Natasha
D:7 Harold
D:8 exclusion: centaur warrior


Innate Abilities, Weirdness & Mutations

You are small and have problems with some larger weapons.
You are completely attuned to the shadows.
You tend to lose your temper in combat.


Message History

You kill the centaur!
Dithmenos accepts your kill.
The centaur zombie closely misses you. x2
Casting: Stone Arrow (dangerous; 2% risk of failure)
Confirm with . or Enter, or press ? or * to list all spells.
Aiming: Sandblast (safe; 1% risk of failure)
Press: ? - help, Shift-Dir - straight line, f - centaur zombie
Aim: a centaur zombie (severely damaged, 100% to hit)
You feel a strong surge of power!
The blast of sand hits the centaur zombie!!
You destroy the centaur zombie!
Dithmenos accepts your kill.
A centaur warrior comes into view. It is wielding a +0 hand axe.
A howler monkey zombie comes into view.
There are monsters nearby!
Casting: Sandblast (safe; 1% risk of failure)
Confirm with . or Enter, or press ? or * to list all spells.
Aiming: Sandblast (safe; 1% risk of failure)
Press: ? - help, Shift-Dir - straight line, f - howler monkey zombie
Aim: a howler monkey zombie (wandering, hasn't noticed you, 92% to hit)
You feel a strong surge of power!
The blast of sand hits the howler monkey zombie!!
You destroy the howler monkey zombie!
Dithmenos accepts your kill.
The centaur warrior shouts!
The centaur warrior unwields a +0 hand axe.
The centaur warrior wields a +0 shortbow.
The centaur warrior shoots an arrow.
The arrow hits you!!
The centaur warrior shoots an arrow.
The arrow hits you!
* * * LOW HITPOINT WARNING * * *
The centaur warrior shoots an arrow.
The arrow hits you!
* * * LOW HITPOINT WARNING * * *
Unknown command.
Okay, then.
As you read the scroll of teleportation, it crumbles to dust.
You feel strangely unstable.
It was a potion of mutation.
You feel extremely strange.
You feel a little pissed off.
The centaur warrior shoots an arrow.
The arrow hits you!!
You die...

###.......8K....# ####...##
##.>.###....#.## ## #..##
#<)..##..8###.## #.###.# #
#...[)....# #..###.c..K##.#
##...[...8# ##.##.........c
#......[#####..##......##.#
###......##.##.##......#
##..##.##...c.#......##
##.#.....@#..........##
#......#####......##..##
###...## #.c.... #...###
#...### ...)....#.....)
##..#.##.........##....#
##....##..>...........#
....#............c.....#
.....##.......#.......##
.............###.......#


You could see a centaur warrior.

Vanquished Creatures
  2 centaur warriors (D:8)
  A troll (D:7)
  Prince Ribbit (D:8)
  10 yaks
  Menkaure (D:4)
  2 wargs (D:7)
  An acid dragon (D:8)
  A water moccasin (D:6)
  2 black bears
  2 orc warriors
  A hornet zombie (D:5)
  2 centaurs
  2 ogres
  A phantom (D:5)
  2 bullfrogs (D:8)
  3 kobold brigands
  A water moccasin zombie (D:5)
  A wight (D:7)
  A jelly (D:4)
  2 centaur zombies (D:8)
  3 orc priests (D:8)
  4 hounds
  Ijyb (D:3)
  3 centaur skeletons
  2 gnoll shamans
  An iguana (D:5)
  7 orc wizards
  A howler monkey zombie (D:8)
  Robin (D:3)
  2 howler monkey skeletons (D:7)
  4 adders
  12 gnolls
  A shadow imp (D:5)
  A white imp (D:7)
  An adder skeleton (D:4)
  A worm (D:3)
  3 dart slugs
  17 orcs
  7 ball pythons
  3 bats
  5 endoplasms
  16 goblins
  15 hobgoblins
  6 jackals
  3 quokkas
  5 frilled lizards
  45 kobolds
  11 rats
220 creatures vanquished.

Notes
Turn   | Place    | Note
-------+----------+-------------------------------------------
     0 | D:1      | Htamos the Kobold Earth Elementalist began the quest for
                  | the Orb.
     0 | D:1      | Reached XP level 1. HP: 10/10 MP: 3/3
   280 | D:1      | Reached XP level 2. HP: 16/16 MP: 3/5
   314 | D:1      | Found a faded altar of an unknown god.
  1092 | D:1      | Reached XP level 3. HP: 20/20 MP: 4/7
  1256 | D:1      | Learned a level 3 spell: Stone Arrow
  1780 | D:2      | Found Zecalyow's Jewellery Boutique.
  1818 | D:2      | Reached skill level 1 in Fighting
  1818 | D:2      | Reached XP level 4. HP: 17/25 MP: 0/8
  1952 | D:2      | Noticed Natasha
  2223 | D:3      | Noticed Ijyb
  3000 | D:3      | Reached XP level 5. HP: 29/29 MP: 5/9
  3263 | D:3      | Noticed a kobold brigand
  3289 | D:3      | Killed a kobold brigand
  3290 | D:3      | Reached skill level 4 in Earth Magic
  3485 | D:3      | Reached XP level 6. HP: 35/35 MP: 9/11
  4246 | D:3      | Noticed Robin
  4249 | D:3      | Killed Robin
  4310 | D:3      | Killed Ijyb
  4311 | D:3      | Reached XP level 7. HP: 40/40 MP: 4/12
  4930 | D:4      | Found the ring of the Mage {Wiz Archmagi}
  5174 | D:4      | Noticed Menkaure
  5178 | D:4      | Killed Menkaure
  5179 | D:4      | Reached skill level 5 in Earth Magic
  5529 | D:5      | Entered Level 5 of the Dungeon
  5604 | D:5      | Reached XP level 8. HP: 46/46 MP: 12/14
  5962 | D:5      | Reached skill level 5 in Dodging
  6126 | D:5      | Reached skill level 6 in Earth Magic
  7393 | D:6      | Found a staircase to the Ecumenical Temple.
  7431 | Temple   | Entered the Ecumenical Temple
  7714 | Temple   | Became a worshipper of Dithmenos the Shadowed
  7917 | D:6      | Identified the +8 long sword of Indignation {protect, rC+
                  | Will+ Str+2 SInv}
  7987 | D:6      | Learned a level 2 spell: Passwall
  8032 | D:6      | Reached skill level 5 in Spellcasting
  8115 | D:6      | Reached XP level 9. HP: 52/52 MP: 13/16
  8680 | D:7      | Noticed Harold
  8808 | D:7      | Identified the +5 glaive of Pastreuca {venom, Will+ Dex+4}
  8913 | D:7      | Reached skill level 1 in Conjurations
  9457 | D:7      | Reached skill level 7 in Earth Magic
  9731 | D:7      | Found a glowing silver altar of Zin.
 10309 | D:8      | Reached skill level 5 in Fighting
 10341 | D:7      | Reached skill level 5 in Stealth
 10491 | D:8      | Reached XP level 10. HP: 59/59 MP: 15/18
 10535 | D:8      | Noticed Prince Ribbit
 10543 | D:8      | Killed Prince Ribbit
 10544 | D:8      | Reached skill level 8 in Earth Magic
 10588 | D:8      | Noticed a centaur warrior
 10600 | D:8      | Noticed a cyan ugly thing
 10612 | D:8      | Found a staircase to the Lair.
 11048 | D:8      | Learned a level 8 spell: Lehudib's Crystal Spear
 11068 | D:8      | Noticed a centaur warrior
 11107 | D:8      | Reached * piety under Dithmenos
 11119 | D:8      | HP: 3/60 [gnoll sergeant (1)]
 11256 | D:8      | Killed a centaur warrior
 11460 | D:8      | Noticed a centaur warrior
 11464 | D:8      | Killed a centaur warrior
 11465 | D:8      | Reached skill level 9 in Earth Magic
 11634 | D:8      | Reached XP level 11. HP: 66/66 MP: 14/21
 11838 | D:8      | Noticed a centaur warrior
 11844 | D:8      | Gained mutation: You tend to lose your temper in combat.
                  | [potion of mutation]
 11844 | D:8      | Shot with an arrow by a centaur warrior

Illustrated notes

Levels and vault maps discovered:
D:1:      elethiomel_arrival_quiet, layout_basic,
          shapermc_ecumenical_altar_hornbeckon, hex_intersection,
          kennysheep_decorative_pillar, chequers_big_river,
          kennysheep_minor_cross, lemuel_flame_loot_1
D:2:      layout_rooms, serial_shops, shop_statue, uniq_natasha
D:3:      minmay_goblin_kobold_castle, layout_loops_corners,
          chequers_serial_rivers_micro_d, minmay_increasing_density, uniq_robin,
          uniq_ijyb
D:4:      layout_cave_pools, minmay_strange_pillars, uniq_menkaure
D:5:      layout_layer_cave, portal_sewer_entry_c
D:6:      layout_basic, minmay_temple_entry_hall, minmay_misc_feat_cross
D:7:      layout_gridville, mainiacjoe_overflow_surrounded_room, st_stairs_2,
          uniq_harold
D:8:      minmay_the_grid_octo_triangle [minmay_the_grid_octo_clover_2,
          minmay_the_grid_octo_prize_square_snowflake,
          minmay_the_grid_octo_concentric], layout_cave_pools,
          erik_lair_orcish_takeover, serial_column_ruins, column_ruins_pillar_2,
          column_ruins_pillar_1, column_ruins_pillar_9, column_ruins_pillar_3,
          column_ruins_pillar_2, column_ruins_pillar_4, column_ruins_pillar_9,
          column_ruins_pillar_1, column_ruins_pillar_6, column_ruins_pillar_2,
          column_ruins_pillar_6, column_ruins_pillar_2, uniq_prince_ribbit1
Temple:   nicolae_temple_the_god_donut

Skill      XL: |  1  2  3  4  5  6  7  8  9 10 |
---------------+-------------------------------+-----
Fighting       | 1 2 3 4 5 6 |  6.5
Spellcasting   | 3 4 5 6 |  6.8
Dodging        | 3 4 5 6 7 |  7.8
Transmutations | 2 3 4 |  4.0
Earth Magic    | 4 5 6 7 9 |  9.3
Stealth        | 5 7 |  7.2
Conjurations   | 2 4 |  4.0
Staves         | |  0.4

Action                   |  1- 3 |  4- 6 |  7- 9 | 10-12 || total
-------------------------+-------+-------+-------+-------++-------
Melee: Staff             |    33 |    35 |     6 |     2 ||    76
       Whip              |       |    26 |       |       ||    26
 Cast: Sandblast         |    34 |   110 |   156 |    45 ||   345
       Stone Arrow       |       |       |       |    32 ||    32
  Use: Potion            |       |     2 |       |     3 ||     5
       Scroll            |       |       |     6 |     2 ||     8
 Stab: Sleeping          |     4 |     4 |       |       ||     8
Armor: Robe              |     7 |    11 |     2 |       ||    20
       Skin              |       |    12 |       |       ||    12
       Ring mail         |       |       |    26 |    11 ||    37
Dodge: Dodged            |    33 |    44 |    47 |    45 ||   169

Table legend: (Time is in decaauts)
 A = Elapsed time spent in this place.
 B = Non-inter-level travel time spent in this place.
 C = Inter-level travel time spent in this place.
 D = Time resting spent in this place.
 E = Time spent auto-exploring this place.
 F = Levels seen in this place.
 G = Mean time per level.
                   A        B        C        D        E       F      G
               +--------+--------+--------+--------+--------+-----+--------+
         Total |  11906 |  11632 |    274 |   1292 |   8681 |   9 | 1322.9 |
       Dungeon |  11610 |  11376 |    234 |   1292 |   8443 |   8 | 1451.2 |
        Temple |    295 |    255 |     40 |      0 |    238 |   1 |  295.0 |
               +--------+--------+--------+--------+--------+-----+--------+

Top non-repeatable levels by time:
     D:3: 2574 daAuts
     D:7: 2204 daAuts
     D:1: 1578 daAuts
     D:5: 1514 daAuts
     D:6: 1285 daAuts
     D:8: 1024 daAuts
     D:4: 802 daAuts
     D:2: 627 daAuts
  Temple: 295 daAuts
